 Dungeon Crawl Stone Soup version 0.29.0-4-gdea44cf6ec (webtiles) character file.

Game seed: 16294824800130864852

56 qw the Sneak (level 3, -1/29 HPs)
             Began as a Ghoul Enchanter on Sept 7, 2022.
             Slain by a kobold
             ... wielding a +0 short sword
              (4 damage)
             ... on level 3 of the Dungeon.
             The game lasted 00:01:02 (3978 turns).

qw the Sneak (Ghoul Enchanter)                      Turns: 3978, Time: 00:01:02

Health: -1/29      AC:  5    Str: 13    XL:     3   Next: 95%
Magic:  4/4        EV: 11    Int: 10    God:
Gold:   199        SH:  0    Dex: 17    Spells: 5/5 levels left

rFire   . . .      SeeInvis +   Y - +0 hand axe
rCold   . . .      Faith    .   (no shield)
rNeg    + + +      Spirit   .   f - +0 ring mail
rPois   inf        Reflect  .   (no helmet)
rElec   +          Harm     .   (no cloak)
rCorr   .          Rampage  .   (no gloves)
Will    .....                   (no boots)
Stlth   ++........              (no amulet)
HPRegen 0.00/turn               b - ring "Axzor" {rElec rC- Dex+8 SInv}
MPRegen 0.09/turn               (no ring)

@: about to teleport, inhibited regen
A: claws 1, cold resistance 1, negative energy resistance 3, inhibited
regeneration, torment resistance 2, devour on kill
a: no special abilities


You were on level 3 of the Dungeon.
You visited 1 branch of the dungeon, and saw 3 of its levels.

You collected 199 gold pieces.


Innate Abilities, Weirdness & Mutations

You are immune to poison.
You have sharp fingernails.
Your flesh is cold resistant. (rC+)
You are immune to negative energy. (rN+++)
You do not regenerate when monsters are visible.
You are immune to unholy pain and torment.
You thrive by killing the living.


   Skills:
 - Level 2.2 Fighting
 - Level 0.8 Short Blades
 + Level 2.2 Axes
 - Level 1.7 Dodging
 - Level 3.2 Stealth
 - Level 1.7 Spellcasting
 - Level 2.4 Hexes


You had 5 spell levels left.
You didn't know any spells.
Your spell library contained the following spells:

 Spells                   Type           Power      Damage    Failure   Level
 Ensorcelled Hibernation  Hex/Ice        6%         N/A       54%         2
 Confusing Touch          Hex            5%         N/A       61%         3
 Tukima's Dance           Hex            5%         N/A       61%         3
 Dazzling Flash           Conj/Hex       6%         N/A       78%         3

Inventory:

Hand Weapons
 a - a +0 flail
 Y - a +0 hand axe (weapon)
Missiles
 i - 2 boomerangs (quivered)
Armour
 f - a +0 ring mail (worn)
Jewellery
 b - the ring "Axzor" (left claw) {rElec rC- Dex+8 SInv}
   (You acquired it on level 1 of the Dungeon)

   [ring of see invisible]

   Dex:       It affects your dexterity (+8).
   rC:        It makes you vulnerable to cold.
   rElec:     It insulates you from electricity.
   SInv:      It lets you see invisible.
Potions
 d - a potion of heal wounds {unknown}
 e - a potion of lignification {unknown}
 g - a potion of curing
 k - a potion of flight {unknown}

Dungeon Overview and Level Annotations

Branches:
Dungeon (3/15)

Altars:

Annotations:
D:3 Robin, Terence


Message History

You hit Terence.
Terence is moderately wounded.
Terence hits you with a +0 mace.
You closely miss Terence.
Terence is moderately wounded.
Terence hits you with a +0 mace.
You hit Terence.
Terence is moderately wounded.
Terence hits you with a +0 mace.
You barely miss Terence.
Terence is moderately wounded.
Terence hits you with a +0 mace.
3973 ||| READING 2 scrolls of teleportation.
As you read the scroll of teleportation, it crumbles to dust.
You feel strangely unstable. Terence misses you.
You closely miss Terence.
Terence is moderately wounded.
Terence closely misses you. Terence hits you with a +0 mace.
You hit Terence but do no damage.
Terence is moderately wounded.
Terence misses you.
You hit Terence.
Terence is heavily wounded.
Your surroundings suddenly seem different.
Robin, 9 goblins, 2 hobgoblins and a kobold come into view.
Robin is wielding a +4 spear of flaming and carrying a wand of flame (20).
Found a scroll of fear, a pair of boots and 9 gold pieces.
The goblin shouts! x3; The hobgoblin shouts!
The goblin shouts! x2
The hobgoblin shouts!
You hear a shout!
The kobold shouts!
A goblin comes into view. It is wielding a +0 dagger.
The goblin shouts! x2
Enter note:
3977 ||| READING scroll of teleportation.
As you read the scroll of teleportation, it crumbles to dust.
You feel strangely unstable. The goblin hits you but does no damage.
The hobgoblin hits you.
You barely miss the kobold. You hit the hobgoblin. You hit the goblin.
The kobold hits you with a +0 short sword.
You die...

##########+# ##
#.......[g.. .
#........g..
##....gg...g.
##
#...K@g.g.ggg .
#.....g.g.g?.
#............
#.............$
#.#.....#######
# #...... #
#####.# ##.###
#.# ..(...


You could see Robin, 2 hobgoblins, 10 goblins and a kobold.

Vanquished Creatures
  An adder (D:2)
  2 worms (D:2)
  A dart slug (D:1)
  3 orcs (D:2)
  3 endoplasms
  7 goblins
  4 hobgoblins
  2 jackals (D:1)
  2 quokkas (D:2)
  2 bats (D:2)
  3 kobolds
  A rat (D:2)
31 creatures vanquished.

Notes
Turn   | Place    | Note
-------+----------+-------------------------------------------
     0 | D:1      | qw the Ghoul Enchanter began the quest for the Orb.
     0 | D:1      | Reached XP level 1. HP: 14/14 MP: 2/2
     0 | D:1      | 0 ||| qw: Version: 0.1-a-108-g9e35731
     0 | D:1      | 0 ||| qw: Game counter: 6460
     0 | D:1      | 0 ||| qw: Always use a shield: true
     0 | D:1      | 0 ||| qw: God list: Okawaru
     0 | D:1      | 0 ||| qw: Allow faded altars: false
     0 | D:1      | 0 ||| qw: Do Orc after D:15 true
     0 | D:1      | 0 ||| qw: Do second Lair branch before Depths: true
     0 | D:1      | 0 ||| qw: Lair rune preference: random
     0 | D:1      | 0 ||| qw: Plans: Normal
     0 | D:1      | 0 ||| PLANNING D:1-11
    29 | D:1      | 29 ||| Stepping ~*~*~tactically~*~*~ (stealth).
   251 | D:1      | Reached skill level 1 in Axes
   417 | D:1      | 417 ||| SWAPPING to +0 hand axe.
   418 | D:1      | 418 ||| DROPPING +1 dagger.
   699 | D:1      | Reached XP level 2. HP: 19/22 MP: 3/3
   776 | D:1      | Reached skill level 1 in Fighting
  1269 | D:1      | 1269 ||| Stepping ~*~*~tactically~*~*~ (hiding).
  1371 | D:1      | 1371 ||| Stepping ~*~*~tactically~*~*~ (hiding).
  1473 | D:1      | 1473 ||| Stepping ~*~*~tactically~*~*~ (hiding).
  1575 | D:1      | 1575 ||| Stepping ~*~*~tactically~*~*~ (hiding).
  1677 | D:1      | 1677 ||| Stepping ~*~*~tactically~*~*~ (hiding).
  2063 | D:1      | 2063 ||| UPGRADING to +0 ring mail.
  2073 | D:1      | 2073 ||| DROPPING +0 robe.
  2074 | D:1      | 2074 ||| READING scroll labelled WAYNUWK FIDGH.
  2075 | D:1      | 2075 ||| READING 2 scrolls labelled QEEFIF BAFUTZ.
  2079 | D:1      | 2079 ||| READING scroll labelled ALOAMN CUHY.
  2079 | D:1      | Identified a scroll of acquirement
  2079 | D:1      | 2079 ||| ACQUIRING ring "Axzor" {rElec rC- Dex+8 SInv}
  2079 | D:1      | Acquired the ring "Axzor" {rElec rC- Dex+8 SInv}
  2081 | D:1      | 2081 ||| UPGRADING to ring "Axzor" {rElec rC- Dex+8 SInv}.
  2082 | D:1      | 2082 ||| READING scroll labelled BIKUMILEGO.
  2083 | D:1      | 2083 ||| DRINKING 2 lumpy dark potions.
  2084 | D:1      | 2084 ||| DROPPING 2 potions of invisibility.
  2106 | D:2      | Found a faded altar of an unknown god.
  2406 | D:2      | 2406 ||| DROPPING +0 club.
  2440 | D:2      | Reached XP level 3. HP: 25/28 MP: 4/4
  2953 | D:2      | 2953 ||| Stepping ~*~*~tactically~*~*~ (stealth).
  2956 | D:2      | 2956 ||| Stepping ~*~*~tactically~*~*~ (stealth).
  3058 | D:2      | 3058 ||| DROPPING +0 whip.
  3833 | D:2      | 3833 ||| READING scroll labelled IJOMAD TAUGI.
  3834 | D:2      | 3834 ||| READING scroll labelled JARPHAE NOLA.
  3835 | D:2      | 3835 ||| DRINKING 2 purple potions.
  3836 | D:2      | 3836 ||| DROPPING potion of brilliance.
  3962 | D:3      | 3962 ||| Stepping ~*~*~tactically~*~*~ (stealth).
  3962 | D:3      | Noticed Terence
  3972 | D:3      | HP: 5/29 [Terence/+0 mace (4)]
  3973 | D:3      | 3973 ||| READING 2 scrolls of teleportation.
  3976 | D:3      | Noticed Robin
  3977 | D:3      | 3977 ||| READING scroll of teleportation.
  3977 | D:3      | HP: 3/29 [hobgoblin[Robin] (1)]
  3978 | D:3      | Slain by a kobold

Levels and vault maps discovered:
D:1:      mainiacjoe_arrival_reflecting_pool, layout_loops_ring, feat_on_display
D:2:      layout_basic, hellmonk_ecumenical_altar_run_dry,
          chequers_serial_rivers_micro_e, minivault_5
D:3:      layout_basic, grunt_decor_junction, uniq_robin, uniq_grinder,
          uniq_terence

Skill      XL: |  1  2  3 |
---------------+----------+-----
Axes           | 1 2 |  2.2
Fighting       | 1 2 |  2.2
Short Blades   | |  0.8
Dodging        | |  1.7
Stealth        | |  3.2
Spellcasting   | |  1.7
Hexes          | |  2.4

Action                   || total
-------------------------++-------
Melee: Dagger            ||    20
       Hand axe          ||   139
       Punch             ||     3
Throw: Boomerang         ||    15
  Use: Scroll            ||     8
       Potion            ||     2
Armor: Robe              ||     4
       Ring mail         ||    29
Dodge: Dodged            ||    78

Table legend:
 A = Non-vault XP
 B = Vault XP
 C = Vault XP percentage of total XP
 D = Non-vault monster count
 E = Vault monster count
 F = Vault count percentage of total count
                 A         B        C        D         E       F
            +---------+---------+-------+---------+---------+-------
      Total |      80 |       0 |   0.0 |      31 |       0 |   0.0
            +---------+---------+-------+---------+---------+-------
        D:1 |      24 |       0 |   0.0 |      12 |       0 |   0.0
        D:2 |      56 |       0 |   0.0 |      19 |       0 |   0.0
            +---------+---------+-------+---------+---------+-------
